 Dungeon Crawl Stone Soup version 0.19.0 (webtiles) character file.

5736 PurpleRed the Cleaver (level 10, -5/95 HPs)
             Began as a Minotaur Fighter on Nov 5, 2016.
             Was a Priest of Makhleb.
             Splashed by a brown ugly thing's acid (7 damage)
             ... on level 10 of the Dungeon.
             The game lasted 00:08:57 (9096 turns).

PurpleRed the Cleaver (Minotaur Fighter)            Turns: 9096, Time: 00:08:57

Health: -5/95      AC:  3    Str: 28    XL:     10   Next: 48%
Magic:  9/9        EV:  7    Int:  5    God:    Makhleb [***...]
Gold:   743        SH:  0    Dex:  9    Spells: 0 memorised, 9 levels left

rFire  . . .     SeeInvis .     H - +1 battleaxe
rCold  . . .     Gourm    .     w - +0 plate armour
rNeg   . . .     Faith    .     (shield currently unavailable)
rPois  .         Spirit   .     (helmet restricted)
rElec  .         Reflect  .     b - +0 cloak
rCorr  .         Harm     .     K - +1 pair of gloves
MR     .....                    D - +2 pair of boots
Stlth  ..........               (no amulet)
                                (no ring)
                                p - +3 ring of strength

@: corroded
A: retaliatory headbutt, horns 2
a: Minor Destruction, Lesser Servant of Makhleb, Renounce Religion


You were on level 10 of the Dungeon.
You worshipped Makhleb.
Makhleb was most pleased with you.
You were not hungry.

You visited 2 branches of the dungeon, and saw 11 of its levels.
You also visited: Ossuary.

You collected 743 gold pieces.

Inventory:

Hand Weapons
 H - a +1 battleaxe (weapon)
Armour
 b - a +0 cloak (worn)
 w - a +0 plate armour (worn)
 D - a +2 pair of boots (worn)
 K - a +1 pair of gloves (worn)
Jewellery
 p - a +3 ring of strength (left hand)
Wands
 c - a wand of iceblast (10/15)
 o - a wand of paralysis (14/24)
Scrolls
 a - 4 scrolls of identify
 e - 2 scrolls of recharging
 i - 7 scrolls of remove curse
 k - 2 scrolls of fog
 l - a scroll of blinking {unknown}
 m - a scroll of magic mapping
 s - 5 scrolls of teleportation
Potions
 d - a potion of might
 g - a potion of haste
 j - 3 potions of curing
 q - 3 potions of lignification {unknown}
 r - 5 potions of heal wounds {unknown}
 t - 2 potions of ambrosia {unknown}
 v - 3 potions of flight {unknown}
 z - a potion of berserk rage {unknown}
 A - a potion of brilliance {unknown}
 B - a potion of beneficial mutation {unknown}
 G - 2 potions of invisibility {unknown}
 N - a potion of agility {unknown}
 P - 2 potions of mutation {unknown}
Comestibles
 f - 12 bread rations
 h - 9 meat rations
 n - a slice of pizza
 I - 2 royal jellies


   Skills:
 + Level 11.1 Fighting
 * Level 14.3 Axes
 + Level 5.9 Armour
   Level 3.6 Shields


You had 9 spell levels left.
You didn't know any spells.

Dungeon Overview and Level Annotations

Branches:
Dungeon (10/15)            Temple (1/1) D:4
   Lair: D:8-11         Orc: D:9-12

Altars:
Ashenzari
Cheibriados
Dithmenos
Elyvilon
Fedhas
Gozag
Hepliaklqana
Kikubaaqudgha
Makhleb
Nemelex Xobeh
Okawaru
Qazlal
Sif Muna
Trog
Vehumet
Xom
Yredelemnul
Zin
The Shining One

Shops:
D:4 :


Innate Abilities, Weirdness & Mutations

You reflexively headbutt those who attack you in melee.
You have a pair of horns on your head.


Message History

The brown ugly thing is almost dead.
The brown ugly thing tentacle-slaps you but does no damage.
You hit the brown ugly thing but do no damage.
The brown ugly thing is almost dead.
The brown ugly thing tentacle-slaps you!
You are splashed with acid!
The acid burns!
* * * LOW HITPOINT WARNING * * *
You slash the brown ugly thing!
The brown ugly thing is almost dead.
The brown ugly thing tentacle-slaps you!
* * * LOW HITPOINT WARNING * * *
You are splashed with acid!
The acid burns!
* * * LOW HITPOINT WARNING * * *
Okay, then.
Okay, then.
You feel better.
The brown ugly thing tentacle-slaps you!
* * * LOW HITPOINT WARNING * * *
The acid corrodes you!
You are splashed with acid!
The acid burns!
You die...

###### ########
#....# #......#
#....# #......#
#....# +......###
#....#
#....u@'.#####....#
#......#..........#
#......#######....#
###+#### #....#
##.### #...# ###.#
#######.####
#..........#


You could see a brown ugly thing.

Vanquished Creatures
  Pikel (D:8)
  A hill giant (D:10)
  2 trolls (D:10)
  A two-headed ogre (D:9)
  A spriggan (D:7)
  Sigmund (D:2)
  4 orc warriors
  A slave (D:8)
  2 sky beasts
  A necrophage (D:9)
  A black bear (D:6)
  2 ice beasts
  The ghost of hungryneko the Skirmisher, an amateur DsGl (D:3)
  A phantom (D:5)
  2 ogres
  3 centaurs
  A big kobold (D:6)
  6 bullfrogs
  2 elf zombies (Ossuary)
  9 killer bees
  2 howler monkeys (D:9)
  3 crimson imps
  A centaur zombie (D:9)
  A jelly (D:6)
  3 hounds
  7 orc wizards
  9 orc priests
  5 iguanas
  6 worker ants
  2 hound zombies
  5 mummies
  5 adders
  2 shadow imps
  An ooze (D:7)
  An adder zombie (Ossuary)
  An adder skeleton (D:4)
  2 dart slugs
  6 leopard geckos
  32 orcs
  3 ball pythons
  5 giant cockroaches
  7 goblins
  5 hobgoblins
  11 jackals
  16 kobolds
  4 quokkas
  5 bats
  5 frilled lizards
  A goblin zombie (Ossuary)
  2 jackal skeletons
  3 jackal zombies (Ossuary)
  A kobold zombie (Ossuary)
  3 orc zombies (Ossuary)
  A quokka skeleton (D:5)
  6 rats
215 creatures vanquished.

Vanquished Creatures (others)
  An orc wizard (D:8)
  A howler monkey zombie (D:8)
  An orc (D:8)
3 creatures vanquished.

Grand Total: 218 creatures vanquished

Notes
Turn   | Place    | Note
-------+----------+-------------------------------------------
     0 | D:1      | PurpleRed the Minotaur Fighter began the quest for the Orb.
     0 | D:1      | Reached XP level 1. HP: 19/19 MP: 0/0
   131 | D:1      | Reached skill level 3 in Axes
   148 | D:1      | Reached XP level 2. HP: 27/27 MP: 1/1
   802 | D:2      | Reached XP level 3. HP: 27/33 MP: 2/2
   810 | D:2      | Reached skill level 4 in Axes
  1085 | D:2      | Noticed Sigmund
  1132 | D:2      | Killed Sigmund
  1132 | D:2      | Reached skill level 5 in Fighting
  1132 | D:2      | Reached skill level 5 in Axes
  1132 | D:2      | Reached XP level 4. HP: 35/42 MP: 3/3
  1132 | D:2      | Reached XP level 5. HP: 40/48 MP: 4/4
  1624 | D:2      | Reached skill level 6 in Axes
  2205 | D:3      | Noticed hungryneko's ghost (amateur DsGl)
  2228 | D:3      | Killed hungryneko's ghost
  2228 | D:3      | Reached XP level 6. HP: 37/57 MP: 5/5
  2936 | D:4      | Found Vickik Isut's Book Shop.
  3070 | D:4      | Reached skill level 7 in Axes
  3246 | D:4      | Found a radiant altar of Vehumet.
  3281 | D:4      | Reached XP level 7. HP: 59/64 MP: 6/6
  3391 | D:4      | Found a glowing golden altar of the Shining One.
  3464 | D:4      | Found a bloodstained altar of Trog.
  3578 | D:4      | Found a staircase to the Ecumenical Temple.
  3587 | Temple   | Entered the Ecumenical Temple
  3619 | Temple   | Became a worshipper of Makhleb the Destroyer
  3913 | D:5      | Entered Level 5 of the Dungeon
  4006 | D:5      | Reached skill level 8 in Axes
  4026 | D:5      | Found a sand-covered staircase.
  4034 | Ossuary  | Entered an ossuary
  4298 | Ossuary  | Reached * piety under Makhleb
  4369 | Ossuary  | Reached skill level 9 in Axes
  4580 | D:5      | Reached XP level 8. HP: 64/73 MP: 7/7
  4611 | D:5      | Found a blossoming altar of Fedhas.
  4734 | D:5      | Found a deep blue altar of Sif Muna.
  4855 | D:5      | Found a snail-covered altar of Cheibriados.
  5101 | D:6      | Reached skill level 10 in Axes
  5305 | D:6      | Found a glowing golden altar of the Shining One.
  5615 | D:7      | Reached skill level 11 in Axes
  5679 | D:7      | Found a shadowy altar of Dithmenos.
  5795 | D:7      | Found a hazy altar of Hepliaklqana.
  5817 | D:7      | Reached ** piety under Makhleb
  5918 | D:7      | Reached XP level 9. HP: 79/83 MP: 8/8
  6120 | D:7      | Found a basalt altar of Yredelemnul.
  6729 | D:8      | Noticed Pikel
  6746 | D:8      | Reached skill level 12 in Axes
  6749 | D:8      | Killed Pikel
  6851 | D:8      | Found a shimmering altar of Xom.
  6852 | D:8      | Found a shimmering altar of Xom.
  6852 | D:8      | Found a shimmering altar of Xom.
  6852 | D:8      | Found a shimmering altar of Xom.
  6852 | D:8      | Found a shimmering altar of Xom.
  6853 | D:8      | Found a shimmering altar of Xom.
  6853 | D:8      | Found a shimmering altar of Xom.
  6853 | D:8      | Found a shimmering altar of Xom.
  6968 | D:8      | Reached skill level 10 in Fighting
  7126 | D:8      | Reached skill level 13 in Axes
  7926 | D:9      | Reached XP level 10. HP: 70/94 MP: 9/9
  8065 | D:9      | Reached skill level 5 in Armour
  8143 | D:9      | Reached *** piety under Makhleb
  8216 | D:9      | Found an iron altar of Okawaru.
  8216 | D:9      | Found an ancient bone altar of Kikubaaqudgha.
  8218 | D:9      | Found an opulent altar of Gozag.
  8458 | D:10     | Entered Level 10 of the Dungeon
  8968 | D:10     | Reached skill level 14 in Axes
  8999 | D:10     | Noticed a hill giant
  9005 | D:10     | Killed a hill giant
  9085 | D:10     | Noticed a brown ugly thing
  9095 | D:10     | HP: 1/95 [acid (10)]
  9096 | D:10     | Splashed by a brown ugly thing's acid

Skill      XL: |  1  2  3  4  5  6  7  8  9 10 |
---------------+-------------------------------+-----
Axes           | 3 5 6 7 9 11 13 14 | 14.3
Fighting       | 4 5 6 7 9 10 11 | 11.1
Armour         | 4 5 |  5.9
Shields        | |  3.6

Action                   |  1- 3 |  4- 6 |  7- 9 | 10-12 || total
-------------------------+-------+-------+-------+-------++-------
Melee: War axe           |    96 |    78 |       |       ||   174
       Headbutt          |    16 |    16 |    60 |     6 ||    98
       Hand axe          |       |    61 |   254 |       ||   315
       Battleaxe         |       |       |    59 |    59 ||   118
  Use: Potion            |     1 |       |       |     1 ||     2
       Scroll            |       |       |    15 |     2 ||    17
  Eat: Chunk             |       |     6 |    13 |     1 ||    20
       Beef jerky        |       |     1 |       |       ||     1
       Fruit             |       |       |     2 |     2 ||     4
       Royal jelly       |       |       |       |     1 ||     1
       Pizza             |       |       |       |     1 ||     1
Armor: Scale mail        |    54 |    32 |       |       ||    86
       Chain mail        |       |    16 |   132 |    18 ||   166
       Plate armour      |       |       |       |    28 ||    28
Dodge: Dodged            |    28 |    31 |    68 |    24 ||   151
Block: Shield            |    47 |    54 |   101 |       ||   202
